 Dungeon Crawl Stone Soup version 0.18.1-50-g88ac8fd (webtiles) character file.

20076 Chiseanne the Unseen (level 12, -13/58 HPs)
             Began as a Spriggan Assassin on Mar 28, 2017.
             Was an Initiate of Gozag.
             Killed from afar by a deep elf mage (38 damage)
             ... with a bolt of cold
             ... on level 1 of the Orcish Mines.
             The game lasted 00:48:43 (15313 turns).

Chiseanne the Unseen (Spriggan Assassin)           Turns: 15313, Time: 00:48:43

Health: -13/58     AC: 10    Str:  7    XL:     12   Next: 42%
Magic:  15/15      EV: 30    Int: 13    God:    Gozag
Gold:   852        SH:  0    Dex: 22    Spells: 0 memorised, 11 levels left

rFire  + . .     SeeInvis +     a - +2 dagger (venom)
rCold  . . .     Gourm    .     E - +2 troll leather armour
rNeg   . . .     Faith    .     (shield restricted)
rPois  .         Spirit   .     (helmet restricted)
rElec  .         Dismiss  .     M - +2 cloak {MR+}
rCorr  .         Reflect  .     (gloves unavailable)
SustAt .         Harm     .     (boots unavailable)
MR     +++..                    (no amulet)
Stlth  ++++++++..               c - ring of protection from fire
                                P - +3 ring of evasion

@: very quick, extremely resistant to hostile enchantments, extraordinarily
stealthy
A: unfitting armour, see invisible, herbivore 3, speed 3, sense surroundings 1,
slow metabolism 2
a: Potion Petition, Call Merchant, Bribe Branch, Renounce Religion


You were on level 1 of the Orcish Mines.
You worshipped Gozag.
Gozag was noncommittal.
You were not hungry.

You visited 3 branches of the dungeon, and saw 14 of its levels.

You collected 3750 gold pieces.
You spent 533 gold pieces at shops.
You paid 2365 gold pieces to Gozag.

Inventory:

Hand Weapons
 a - a +2 dagger of venom (weapon)
 e - a +0 hunting sling
 s - a +1 falchion of holy wrath
 w - a +0 blowgun
 x - a +0 dagger of speed
Missiles
 f - 2 curare-tipped needles
 h - 479 arrows
 j - 54 bolts
 k - 350 stones
 m - 40 sling bullets
 p - 7 poisoned needles
 A - 9 tomahawks (quivered)
 F - 2 throwing nets
Armour
 E - a +2 troll leather armour (worn)
 M - a +2 cloak of magic resistance (worn)
Jewellery
 c - a ring of protection from fire (right hand)
 n - an uncursed ring of resist corrosion
 q - an uncursed ring of protection from fire
 t - an uncursed ring of protection from magic
 y - an uncursed ring of flight
 G - a +3 ring of evasion
 P - a +3 ring of evasion (left hand)
Wands
 v - a wand of teleportation (2/9)
 B - a wand of lightning (2/15)
 I - a wand of confusion (28/48)
 N - a wand of iceblast (7/15)
 O - a wand of digging (9/24)
Scrolls
 b - 6 scrolls of magic mapping
 i - a scroll of identify
 o - 2 scrolls of recharging
 r - 10 scrolls of remove curse
 D - 6 scrolls of teleportation
 K - a scroll of immolation
Potions
 d - 4 potions of flight
 l - 2 potions of brilliance
 u - a potion of agility
 z - a potion of cure mutation
 C - a potion of might
Books
 L - a book of the Dragon

   Spells                             Type                      Level
   a - Flame Tongue                   Conjuration/Fire             1
   b - Cause Fear                     Hexes                        4
   c - Bolt of Fire                   Conjuration/Fire             6
   d - Dragon Form                    Transmutation                7
   e - Dragon's Call                  Summoning                    9
Comestibles
 g - 12 bread rations


   Skills:
 - Level 4.1 Fighting
 * Level 6.1 Short Blades
 - Level 10.1(10.4) Slings
 - Level 2.9(6.1) Throwing
 - Level 6.1 Armour
 * Level 14.7 Dodging
 * Level 16.5 Stealth
 * Level 3.7 Evocations


You had 11 spell levels left.
You didn't know any spells.

Dungeon Overview and Level Annotations

Branches:
Dungeon (12/15)            Temple (1/1) D:6            Lair (0/8) D:9
    Orc (1/2) D:12

Altars:
Ashenzari
Cheibriados
Dithmenos
Elyvilon
Fedhas
Gozag
Kikubaaqudgha
Makhleb
Nemelex Xobeh
Okawaru
Pakellas
Qazlal
Ru
Sif Muna
Trog
Vehumet
Xom
Yredelemnul
Zin
The Shining One

Shops:
D:6 [   D:9 :   D:10 :   D:11 [

Annotations:
D:3 symbioosi's ghost, amateur MiBe


Innate Abilities, Weirdness & Mutations

You are tiny and cannot use many weapons and most armour.
You have supernaturally acute eyesight.
You are a herbivore.
You cover ground extremely quickly.
You need consume almost no food.
You passively map a small area around you.


Message History

The deep elf mage shouts! x2
The deep elf mage gestures at you while chanting.
The bolt of cold misses you.
The deep elf mage shouts!
The deep elf mage misses you.
The deep elf mage shouts!
The deep elf mage mumbles some strange words.
The deep elf mage hits you but does no damage.
The deep elf mage casts a spell at you. The shard of ice hits you!
There is a staircase back to the Dungeon, spattered with blood here.
The deep elf mage casts a spell at you. The bolt of cold misses you.
The deep elf mage gestures at you while chanting.
The stone arrow hits you! The deep elf mage casts a spell at you.
Helpless, you fail to dodge the bolt of cold.
Ouch! That really hurt!
You die...
Your body crumbles into a pile of gold.

... , $ ,....##...............
..# #....##....##.####### #..**
,, #.....#..######### # .. ***
##........## ##.## # #, *
#####...ee.....# #...###
##.##...........## ##..##.
#...##.Y.........# ##...#. #
##...##...#...#.## #...... ##
###...#.#.@.##.##.###...... E##
##.##.#..#e.........#....... #.##
#.......ee..................
##.####.#..#..#..................
##.####..E...#.....>.........#.#
##.###§§..............e.......#
##§#.#.#................##....
##E###.............e.######.# #)#
##....#.......#####.##.#


You could see 6 deep elf magi, a fire elemental and an ice beast.

Vanquished Creatures
  Erolcha (D:12)
  A hydra (D:11)
  A centaur warrior (D:8)
  A queen ant (D:9)
  An ogre mage (Orc:1)
  A hill giant (D:11)
  Pikel (D:4)
  A deep elf mage (D:12)
  A manticore (D:12)
  A cyclops (D:8)
  2 centaur zombies
  Prince Ribbit (D:9)
  2 trolls
  4 two-headed ogres
  18 yaks
  A wyvern (D:9)
  A basilisk (D:10)
  A steam dragon (D:12)
  4 hippogriffs
  2 wargs (Orc:1)
  6 soldier ants (D:9)
  2 water moccasins
  2 orc warriors
  A black bear (D:11)
  2 sky beasts
  A slave (D:4)
  A wasp (D:7)
  2 ice beasts
  11 ogres
  3 phantoms
  An eye of draining (D:11)
  15 centaurs
  3 crocodiles
  A big kobold (D:11)
  7 giant frogs
  2 gnoll sergeants
  A scorpion (D:7)
  12 killer bees
  20 wights
  A howler monkey (D:4)
  3 crimson imps
  4 giant frog zombies
  A quasit (D:11)
  8 orc priests
  2 centaur skeletons (D:12)
  6 hounds
  3 jellies
  Ijyb (D:3)
  An iguana (D:6)
  14 orc wizards
  37 worker ants
  A statue (D:4)
  3 hound zombies
  A hound skeleton (D:6)
  12 adders
  5 gnolls
  2 shadow imps
  An adder zombie (D:7)
  2 adder skeletons
  6 worms
  2 dart slugs
  5 giant geckos
  59 orcs
  A ball python (D:6)
  9 giant cockroaches
  6 goblins
  5 hobgoblins
  2 jackals (D:4)
  4 quokkas
  2 bats (D:2)
  5 giant newts
  13 kobolds
  3 rats
369 creatures vanquished.

Vanquished Creatures (others)
  A worker ant (D:12)
  A shadow imp (D:5)
2 creatures vanquished.

Grand Total: 371 creatures vanquished

Notes
Turn   | Place    | Note
--------------------------------------------------------------
     0 | D:1      | Chiseanne the Spriggan Assassin began the quest for the Orb.
     0 | D:1      | Reached XP level 1. HP: 10/10 MP: 2/2
   314 | D:1      | Reached skill level 6 in Stealth
   630 | D:2      | Reached XP level 2. HP: 13/14 MP: 3/3
   667 | D:2      | Found an iron altar of Okawaru.
  1272 | D:2      | Reached XP level 3. HP: 15/18 MP: 4/4
  2008 | D:3      | Noticed symbioosi's ghost (amateur MiBe)
  2147 | D:3      | Noticed a giant frog
  2157 | D:3      | Killed a giant frog
  2157 | D:3      | Reached skill level 7 in Stealth
  2157 | D:3      | Reached XP level 4. HP: 11/23 MP: 5/5
  2350 | D:3      | Noticed Ijyb
  2357 | D:3      | Killed Ijyb
  2357 | D:3      | Reached XP level 5. HP: 21/27 MP: 6/6
  2584 | D:3      | Found a shimmering altar of Xom.
  2593 | D:3      | Found an opulent altar of Gozag.
  2614 | D:3      | Became a worshipper of Gozag Ym Sagoz the Greedy
  3270 | D:3      | Reached skill level 1 in Slings
  3270 | D:3      | Reached skill level 8 in Stealth
  3456 | D:4      | Reached XP level 6. HP: 9/32 MP: 7/7
  3830 | D:4      | Reached skill level 5 in Dodging
  4485 | D:4      | Found an ancient bone altar of Kikubaaqudgha.
  4655 | D:4      | Reached XP level 7. HP: 24/36 MP: 8/8
  4809 | D:4      | Reached skill level 9 in Stealth
  5230 | D:4      | Found a radiant altar of Vehumet.
  5382 | D:5      | Entered Level 5 of the Dungeon
  5393 | D:5      | Noticed Pikel
  5659 | D:4      | Killed Pikel
  5659 | D:4      | Reached skill level 5 in Slings
  5659 | D:4      | Reached skill level 10 in Stealth
  5659 | D:4      | Reached XP level 8. HP: 36/42 MP: 9/9
  6087 | D:5      | Reached skill level 11 in Stealth
  6122 | D:5      | Found a stormy altar of Qazlal.
  6376 | D:6      | Found a staircase to the Ecumenical Temple.
  6504 | Temple   | Entered the Ecumenical Temple
  7275 | D:6      | Found a sacrificial altar of Ru.
  7299 | D:6      | Reached XP level 9. HP: 45/45 MP: 10/10
  7535 | D:6      | Bought a +2 troll leather armour for 297 gold pieces
  7685 | D:7      | Reached skill level 1 in Armour
  7904 | D:7      | Reached skill level 12 in Stealth
  7911 | D:7      | Reached skill level 10 in Dodging
  8363 | D:8      | Noticed a centaur warrior
  8397 | D:8      | Killed a centaur warrior
  8399 | D:8      | HP: 2/67 [sky beast (6)]
  8402 | D:8      | Gained mutation: You passively map a small area around you. [potion of beneficial mutation]
  8407 | D:8      | Reached skill level 13 in Stealth
  8407 | D:8      | Reached XP level 10. HP: 4/49 MP: 11/11
  8764 | D:8      | Noticed a cyclops
  8896 | D:8      | Killed a cyclops
  9309 | D:9      | Found a stormy altar of Qazlal.
  9516 | D:9      | Noticed Prince Ribbit
  9544 | D:9      | Killed Prince Ribbit
  9556 | D:9      | Found a shattered altar of Ashenzari.
  9595 | D:9      | Noticed a queen ant
  9709 | D:9      | Killed a queen ant
  9709 | D:9      | Reached skill level 14 in Stealth
  9930 | D:9      | Found Waass's Book Emporium.
 10017 | D:9      | Found a staircase to the Lair.
 10169 | D:10     | Entered Level 10 of the Dungeon
 10568 | D:10     | Reached XP level 11. HP: 44/53 MP: 12/12
 11420 | D:10     | Reached skill level 10 in Slings
 11933 | D:11     | Reached skill level 5 in Armour
 11961 | D:11     | Noticed a hill giant
 12063 | D:11     | Reached skill level 15 in Stealth
 12204 | D:11     | Killed a hill giant
 12498 | D:11     | Noticed a six-headed hydra
 12561 | D:11     | Killed a six-headed hydra
 13349 | D:11     | Bought a +2 cloak of magic resistance for 236 gold pieces
 13520 | D:12     | Reached skill level 5 in Short Blades
 13536 | D:12     | Reached XP level 12. HP: 52/58 MP: 13/13
 13695 | D:12     | Noticed Erolcha
 13713 | D:12     | Killed Erolcha
 13819 | D:12     | Reached skill level 16 in Stealth
 13964 | D:12     | Found a staircase to the Orcish Mines.
 14193 | D:12     | Reached skill level 1 in Evocations
 14437 | D:12     | Found a burning altar of Makhleb.
 14681 | Orc:1    | Entered Level 1 of the Orcish Mines
 15119 | Orc:1    | Noticed an ogre mage
 15153 | Orc:1    | Killed an ogre mage
 15313 | Orc:1    | Killed from afar by a deep elf mage

Skill      XL: |  1  2  3  4  5  6  7  8  9 10 11 12 |
---------------+-------------------------------------+-----
Stealth        | 6 7 8 10 11 13 14 15 16 | 16.5
Dodging        | 2 3 4 5 7 9 10 12 14 | 14.7
Fighting       | 2 3 4 |  4.1
Slings         | 1 2 5 6 7 9 10 | 10.1
Armour         | 2 4 5 6 |  6.1
Short Blades   | 5 6 |  6.1
Evocations     | 3 |  3.7
Throwing       | |  2.9

Action                   |  1- 3 |  4- 6 |  7- 9 | 10-12 || total
-------------------------+-------+-------+-------+-------++-------
Melee: Dagger            |    95 |   131 |   327 |   906 ||  1459
       Falchion          |       |       |       |   162 ||   162
 Fire: Blowgun           |     9 |    18 |     3 |    10 ||    40
       Hunting sling     |       |    13 |    11 |   176 ||   200
Throw: Tomahawk          |       |       |       |    22 ||    22
Invok: Call Merchant     |       |       |     1 |     2 ||     3
       Potion Petition   |       |       |       |     1 ||     1
Evoke: Wand              |       |       |     4 |    11 ||    15
  Use: Scroll            |     6 |     1 |     5 |     9 ||    21
       Potion            |       |       |     7 |     3 ||    10
 Stab: Sleeping          |    16 |     8 |    25 |    38 ||    87
       Distracted        |     1 |     3 |     2 |    14 ||    20
       Paralysed         |       |       |     1 |       ||     1
       Invisible         |       |       |     1 |       ||     1
       Confused          |       |       |       |     1 ||     1
  Eat: Royal jelly       |       |     2 |       |     1 ||     3
       Fruit             |       |     2 |       |       ||     2
       Bread ration      |       |       |       |     1 ||     1
       Pizza             |       |       |       |     1 ||     1
Armor: Robe              |     4 |     7 |     8 |       ||    19
       Skin              |       |       |    49 |    27 ||    76
       Troll leather arm |       |       |     7 |    66 ||    73
Dodge: Dodged            |    64 |    95 |   276 |  1167 ||  1602
